 Dungeon Crawl Stone Soup version 0.23.0-3-gf3c87f2 (webtiles) character file.

Game seed: 15356616423740299235

356 Gergoth the Magician (level 6, 0/41 HPs)
             Began as a Mummy Fire Elementalist on Feb 24, 2019.
             Was an Initiate of Sif Muna.
             Slain by a hound (3 damage)
             ... on level 4 of the Dungeon.
             The game lasted 00:11:53 (3095 turns).

Gergoth the Magician (Mummy Fire Elementalist)      Turns: 3095, Time: 00:11:53

Health: 0/41       AC:  4    Str: 11    XL:     6   Next: 36%
Magic:  3/13       EV: 12    Int: 17    God:    Sif Muna [......]
Gold:   161        SH:  0    Dex: 12    Spells: 2/15 levels left

rFire    x . .     SeeInvis .   c - +0 hunting sling
rCold    + . .     Gourm    .   (no shield)
rNeg     + + +     Faith    .   a - +0 robe
rPois    ∞         Spirit   .   (no helmet)
rElec    .         Reflect  .   l - +0 cloak
rCorr    .         Harm     .   (no gloves)
MR       .....                  m - +0 pair of boots
Stlth    ++........             (no amulet)
HPRegen  0.13/turn              (no ring)
MPRegen  0.13/turn              (no ring)

@: very slightly contaminated
A: no food or potions, fire vulnerability, cold resistance 1, negative energy
resistance 3, torment resistance, unbreathing
a: Renounce Religion


You were on level 4 of the Dungeon.
You worshipped Sif Muna.
Sif Muna was noncommittal.
You were not hungry.

You visited 1 branch of the dungeon, and saw 4 of its levels.
You also visited: Sewer.

You collected 161 gold pieces.

Inventory:

Hand Weapons
 c - a +0 hunting sling (weapon)
 h - a +2 mace of holy wrath
 j - a +0 long sword
 r - a +0 trident of flaming
Missiles
 f - 49 sling bullets
 k - 42 stones (quivered)
Armour
 a - a +0 robe (worn)
 e - a cursed +0 chain mail
 l - a +0 cloak (worn)
 m - a +0 pair of boots (worn)
 q - a +0 pair of gloves
 t - a +0 helmet
Jewellery
 g - an uncursed ring of wizardry
Scrolls
 b - a scroll of enchant weapon
 d - a scroll of magic mapping
 i - 3 scrolls of remove curse
 n - a scroll of immolation {unknown}
 o - 2 scrolls of fear {unknown}
 p - a scroll of brand weapon {unknown}
 s - a scroll of identify


   Skills:
 + Level 0.1 Fighting
 - Level 1.6 Dodging
 - Level 1.7 Stealth
 + Level 5.1 Spellcasting
 + Level 3.0 Conjurations
 + Level 3.9 Fire Magic


You had 2 spell levels left.
You knew the following spells:

 Your Spells              Type           Power        Failure   Level  Hunger
a - Flame Tongue          Conj/Fire      ###..        3%          1    N/A
b - Conjure Flame         Conj/Fire      ###.....     10%         3    N/A
c - Sticky Flame          Conj/Fire      ###.....     32%         4    N/A
d - Fireball              Conj/Fire      ###.......   67%         5    N/A

Your spell library contained the following spells:

 Spells                   Type           Power        Failure   Level  Hunger
 Throw Flame              Conj/Fire      ###...       4%          2    N/A
 Inner Flame              Hex/Fire       ##......     19%         3    N/A

Dungeon Overview and Level Annotations

Branches:
Dungeon (4/15)
 Temple: D:4-7

Altars:
Ashenzari
Dithmenos
Fedhas
Gozag
Nemelex Xobeh
Okawaru
Qazlal
Sif Muna
Trog
Uskayaw
Zin


Innate Abilities, Weirdness & Mutations

You do not eat or drink.
Your flesh is vulnerable to fire.
You are immune to poison.
Your flesh is cold resistant. (rC+)
You are immune to negative energy. (rN+++)
You are immune to unholy pain and torment.
You can survive without breathing.


Message History

The hound bites you. The hound closely misses you. The hound bites you.
The hound bites you. The hound barely misses you.
The hound pauses to sniff the ground.
The hound bites you.
* * * LOW HITPOINT WARNING * * *
The hound bites you but does no damage. The hound barely misses you.
The hound bites you.
* * * LOW HITPOINT WARNING * * *
The hound bites you.
* * * LOW HITPOINT WARNING * * *
The hound bites you.
* * * LOW HITPOINT WARNING * * *
The hound bites you but does no damage.
There is a stone staircase leading up here.
The hound misses you. The hound barely misses you. The hound bites you.
You die...

#..## ##.....## #
##..# ##...## .#
###..## ##..# ..##
####....# #..#
...######.......##
#..#
#................#
#..#
#.........#####..#
#..# #......†###
#hh## #<.#
#......## #.@.#
#..# #......##
##..## ####..##
#....>..## #...#
###......#
.........##
##..####.........#
..........##
#...#.....#####..
.....####..##
##....##### #.
....## ##..#
#.#### # ...##
##.## #.## ..##
##.## #.


You could see 2 hounds.

Vanquished Creatures
  A crocodile (Sewer)
  A howler monkey (D:3)
  A hound (D:3)
  A centaur skeleton (D:3)
  A gnoll (D:1)
  6 adders
  A river rat (D:3)
  2 oozes (D:2)
  3 worms
  4 leopard geckos
  8 orcs (D:3)
  A ball python (D:3)
  13 bats
  8 giant cockroaches
  10 goblins
  8 hobgoblins
  4 jackals (D:3)
  7 frilled lizards
  6 kobolds
  9 rats
95 creatures vanquished.

Notes
Turn   | Place    | Note
-------+----------+-------------------------------------------
     0 | D:1      | Gergoth the Mummy Fire Elementalist began the quest for the
                  | Orb.
     0 | D:1      | Reached XP level 1. HP: 13/13 MP: 4/4
   323 | D:1      | Reached skill level 1 in Conjurations
   326 | D:1      | Reached skill level 3 in Spellcasting
   326 | D:1      | Reached XP level 2. HP: 19/19 MP: 0/6
   577 | D:2      | Reached XP level 3. HP: 19/24 MP: 4/7
   894 | D:2      | Found a blossoming altar of Fedhas.
   894 | D:2      | Found a bloodstained altar of Trog.
   895 | D:2      | Found an opulent altar of Gozag.
   895 | D:2      | Found a hide-covered altar of Uskayaw.
   942 | D:2      | Found a faded altar of an unknown god.
  1020 | D:2      | Learned a level 3 spell: Conjure Flame
  1213 | D:2      | Reached XP level 4. HP: 28/30 MP: 3/9
  1712 | D:3      | Reached skill level 4 in Spellcasting
  1851 | D:3      | Reached XP level 5. HP: 35/35 MP: 4/11
  1887 | D:3      | Found a glowing drain.
  1895 | Sewer    | Entered a sewer
  1945 | Sewer    | Noticed a crocodile
  1951 | Sewer    | Killed a crocodile
  2178 | D:3      | Reached XP level 6. HP: 37/41 MP: 9/13
  2184 | D:3      | Learned a level 4 spell: Sticky Flame
  2190 | D:3      | Learned a level 5 spell: Fireball
  2562 | D:3      | Reached skill level 5 in Spellcasting
  2918 | D:3      | Found a shattered altar of Ashenzari.
  2920 | D:3      | Found a deep blue altar of Sif Muna.
  2924 | D:3      | Found a stormy altar of Qazlal.
  2924 | D:3      | Found a glowing silver altar of Zin.
  2924 | D:3      | Found a sparkling altar of Nemelex Xobeh.
  2924 | D:3      | Found an iron altar of Okawaru.
  2929 | D:3      | Found a shadowy altar of Dithmenos.
  2941 | D:3      | Became a worshipper of Sif Muna the Loreminder
  3091 | D:4      | HP: 2/41 [hound (4)]
  3095 | D:4      | Slain by a hound

Skill      XL: |  1  2  3  4  5  6 |
---------------+-------------------+-----
Conjurations   | 1 2 3 |  3.0
Spellcasting   | 3 4 5 |  5.1
Fire Magic     | 3 |  3.9
Fighting       | |  0.1
Dodging        | |  1.6
Stealth        | |  1.7

Action                   |  1- 3 |  4- 6 || total
-------------------------+-------+-------++-------
Melee: Club              |    20 |       ||    20
       Long sword        |     9 |       ||     9
 Fire: Hunting sling     |     7 |    92 ||    99
 Cast: Flame Tongue      |    54 |    89 ||   143
       Conjure Flame     |       |     1 ||     1
       Sticky Flame      |       |     1 ||     1
  Use: Scroll            |       |     5 ||     5
 Stab: Sleeping          |     1 |       ||     1
Armor: Robe              |    12 |    28 ||    40
Dodge: Dodged            |    53 |    71 ||   124
       Rpst.: Long sword |     4 |       ||     4
